 Dungeon Crawl Stone Soup version 0.22-a0-603-gfc1114d (webtiles) character file.

115 sking99 the Insei (level 4, -1/37 HPs)
             Began as a Draconian Transmuter on July 7, 2018.
             Slain by an orc wizard
             ... wielding a +0 dagger
              (2 damage)
             ... on level 3 of the Dungeon.
             The game lasted 00:02:34 (1963 turns).

sking99 the Insei (Draconian Transmuter)            Turns: 1963, Time: 00:02:35

Health: -1/37      AC:  6    Str: 17    XL:     4   Next: 68%
Magic:  3/7        EV: 12    Int: 14    God:
Gold:   113        SH:  0    Dex: 12    Spells: 4/7 levels left

rFire    . . .     SeeInvis .     - Unarmed
rCold    . . .     Gourm    .   (no shield)
rNeg     . . .     Faith    .   (armour unavailable)
rPois    .         Spirit   .   (helmet restricted)
rElec    .         Reflect  .   (no cloak)
rCorr    .         Harm     .   (no gloves)
MR       .....                  m - +0 pair of boots (curse)
Stlth    +.........             (no amulet)
HPRegen  0.12/turn              (no ring)
MPRegen  0.10/turn              (no ring)

@: mighty, lethally poisoned (-1 -> -4)
A: unfitting armour, stinger 2, cold-blooded, AC +5
a: no special abilities


You were on level 3 of the Dungeon.
You were hungry.

You visited 1 branch of the dungeon, and saw 3 of its levels.

You collected 113 gold pieces.

Inventory:

Missiles
 a - 7 arrows
Armour
 m - a cursed +0 pair of boots (worn)
Jewellery
 k - a cursed -4 ring of evasion {unknown}
Scrolls
 b - a scroll of amnesia {unknown}
 d - 2 scrolls of magic mapping {unknown}
 e - a scroll of fear {unknown}
 g - 2 scrolls of teleportation {unknown}
 h - a scroll of fog {unknown}
 i - 3 scrolls of identify {unknown}
 l - a scroll of enchant weapon {unknown}
Potions
 j - a potion of might
Comestibles
 c - 2 rations


   Skills:
 + Level 2.7 Fighting
 - Level 1.7 Dodging
 * Level 4.5 Unarmed Combat
 - Level 2.0 Spellcasting
 + Level 2.6 Transmutations


You had 4 spell levels left.
You knew the following spells:

 Your Spells              Type           Power        Failure   Level  Hunger
a - Beastly Appendage     Tmut           #.....       9%          1    ##.....
b - Sticks to Snakes      Tmut           #.......     12%         2    ###....

Your spell library contained the following spells:

 Spells                   Type           Power        Failure   Level  Hunger
 Spider Form              Tmut/Pois      #.........   38%         3    ####...
 Blade Hands              Tmut           #.........   92%         5    ######.
 Ice Form                 Ice/Tmut       #.......     80%         4    #####..


Dungeon Overview and Level Annotations

Branches:
Dungeon (3/15)

Altars:
Cheibriados
Wu Jian


Innate Abilities, Weirdness & Mutations

Your plain brown scales are hard. (AC +5)
You cannot fit into any form of body armour.
You are cold-blooded and may be slowed by cold attacks.
Your tail ends in a sharp poisonous barb.


Message History

Your ball python bites the quokka but does no damage.
Your ball python misses the quokka.
The quokka barely misses you. The adder bites you but does no damage.
It was a potion of mutation.
You feel extremely strange.
A poisonous barb forms on the end of your tail.
The barb on your tail looks sharper.
The orc wizard hits your ball python with a dagger.
Your ball python dies!
The orc barely misses you. The adder bites you.
* * * LOW HITPOINT WARNING * * *
You are poisoned.
The adder poisons you! The quokka closely misses you.
It was a potion of might.
You feel very mighty all of a sudden.
* * * LOW HITPOINT WARNING * * *
You feel sick. The orc barely misses you. The adder closely misses you.
The quokka bites you.
* * * LOW HITPOINT WARNING * * *
The orc wizard hits you with a dagger.
You die...

.....#.
.......##
..........#
.......#..#
..........######
...............#
........oS.....#
....o..##@o....#
.......<##ro####
.......<##.(..#
.......S.†....#
.$.....#......#
......#####.###
.....# .# #####
.. ...


You could see an orc priest, an orc wizard, an adder, an orc and a quokka.

Vanquished Creatures
  A scorpion (D:2)
  An adder (D:2)
  2 oozes (D:1)
  A worm (D:2)
  3 dart slugs
  3 leopard geckos
  2 giant cockroaches
  8 goblins
  2 hobgoblins (D:2)
  3 bats (D:1)
  A frilled lizard (D:2)
  5 kobolds (D:2)
  3 rats (D:1)
35 creatures vanquished.

Vanquished Creatures (collateral kills)
  An adder (D:3)
1 creature vanquished.

Grand Total: 36 creatures vanquished

Notes
Turn   | Place    | Note
-------+----------+-------------------------------------------
     0 | D:1      | sking99 the Draconian Transmuter began the quest for the Orb.
     0 | D:1      | Reached XP level 1. HP: 16/16 MP: 3/3
   212 | D:1      | Reached XP level 2. HP: 22/23 MP: 5/5
   275 | D:1      | Learned a level 2 spell: Sticks to Snakes
   940 | D:2      | Reached XP level 3. HP: 29/29 MP: 6/6
  1108 | D:2      | Noticed a scorpion
  1132 | D:2      | Killed a scorpion
  1132 | D:2      | Reached skill level 4 in Unarmed Combat
  1132 | D:2      | Reached XP level 4. HP: 25/37 MP: 1/7
  1478 | D:2      | Found an ornate altar of the Wu Jian Council.
  1656 | D:2      | Found a snail-covered altar of Cheibriados.
  1962 | D:3      | Gained mutation: Your tail ends in a poisonous barb. [potion of mutation]
  1962 | D:3      | Gained mutation: Your tail ends in a sharp poisonous barb. [potion of mutation]
  1963 | D:3      | HP: 1/37 [quokka (3)]
  1963 | D:3      | Slain by an orc wizard

Vault maps used:
D:1:      dpeg_arrival_chambers_temple_mockup
D:2:      nicolae_overflow_hidden_temple, grunt_ministairs_13,
          cheibriados_altar_1

Skill      XL: |  1  2  3 |
---------------+----------+-----
Fighting       | 2 |  2.7
Unarmed Combat | 4 |  4.5
Dodging        | |  1.7
Spellcasting   | |  2.0
Transmutations | |  2.6

Action                   |  1- 3 |  4- 6 || total
-------------------------+-------+-------++-------
Melee: Unarmed           |    91 |    54 ||   145
       Tailslap          |     9 |     2 ||    11
       Punch             |     2 |     1 ||     3
 Cast: Sticks to Snakes  |     2 |     3 ||     5
  Use: Potion            |       |     2 ||     2
 Stab: Sleeping          |       |     1 ||     1
  Eat: Chunk             |       |     3 ||     3
Armor: Skin              |    28 |    11 ||    39
Dodge: Dodged            |    51 |    40 ||    91

Table legend:
 A = Spawn XP
 B = Non-spawn XP
 C = Spawn XP percentage of total XP
 D = Spawn monster count
 E = Non-spawn monster count
 F = Spawn count percentage of total count
 G = Total turns spent on level
                    A         B        C        D         E        F      G
               +---------+---------+-------+---------+---------+-------+---------
         Total |       0 |     165 |   0.0 |       0 |      36 |   0.0 |  1963
               +---------+---------+-------+---------+---------+-------+---------
           D:1 |       0 |      40 |   0.0 |       0 |      16 |   0.0 |   928
           D:2 |       0 |     109 |   0.0 |       0 |      17 |   0.0 |  1009
           D:3 |       0 |      16 |   0.0 |       0 |       3 |   0.0 |    26
               +---------+---------+-------+---------+---------+-------+---------
